[ PARTIDA AOE2 · #477353307 ]
UnrankedFrancos vs Franks
[ ANÁLISIS DE REPETICIÓN · EXTRAÍDO DE LA PARTIDA GRABADA ]
Feudal
13:08
Castillos
17:28
Imperial
33:09
| APM promedio | 27.5 |
| APM pico | 74 |
| eAPM promedio | 18.2 |
| Aldeanos / militares | 164 / 358 |
Foco
⚔️ 35.2% · 🌾 64.8%
Knight ×212 · Scout Cavalry ×136 · Monk ×5 · Trebuchet (Packed) ×5
Feudal
—
Castillos
—
Imperial
—
| APM promedio | 34.5 |
| APM pico | 105 |
| eAPM promedio | 24.7 |
| Aldeanos / militares | 168 / 370 |
Foco
⚔️ 41.6% · 🌾 58.4%
Knight ×224 · Spearman ×90 · Scout Cavalry ×50 · Trebuchet (Packed) ×5 · Throwing Axeman ×1
Feudal
11:23
Castillos
15:11
Imperial
31:29
| APM promedio | 28.2 |
| APM pico | 70 |
| eAPM promedio | 16.8 |
| Aldeanos / militares | 114 / 132 |
Foco
⚔️ 36.0% · 🌾 64.0%
Archer ×113 · Knight ×10 · Skirmisher ×4 · Cataphract ×2 · Trebuchet (Packed) ×2 · Monk ×1
Feudal
10:54
Castillos
17:34
Imperial
33:30
| APM promedio | 27.2 |
| APM pico | 60 |
| eAPM promedio | 20.7 |
| Aldeanos / militares | 197 / 242 |
Foco
⚔️ 24.6% · 🌾 75.4%
Spearman ×190 · Skirmisher ×35 · Trade Cart ×8 · Teutonic Knight ×5 · Trebuchet (Packed) ×5 · Battering Ram ×4
Feudal
11:07
Castillos
15:15
Imperial
32:46
| APM promedio | 49.0 |
| APM pico | 93 |
| eAPM promedio | 29.6 |
| Aldeanos / militares | 134 / 294 |
Foco
⚔️ 34.9% · 🌾 65.1%
Scout Cavalry ×178 · Mangudai ×109 · Trebuchet (Packed) ×6 · Skirmisher ×1
Feudal
12:21
Castillos
16:45
Imperial
30:59
| APM promedio | 34.7 |
| APM pico | 84 |
| eAPM promedio | 16.1 |
| Aldeanos / militares | 109 / 269 |
Foco
⚔️ 33.5% · 🌾 66.5%
Gbeto ×267 · Trade Cart ×20 · Trebuchet (Packed) ×2
Feudal
10:38
Castillos
16:15
Imperial
33:34
| APM promedio | 27.5 |
| APM pico | 69 |
| eAPM promedio | 16.9 |
| Aldeanos / militares | 138 / 276 |
Foco
⚔️ 31.6% · 🌾 68.4%
Battle Elephant ×198 · Ratha (Ranged) ×35 · Skirmisher ×30 · Scout Cavalry ×6 · Monk ×5 · Mangonel ×1
Feudal
10:57
Castillos
14:52
Imperial
28:50
| APM promedio | 29.9 |
| APM pico | 86 |
| eAPM promedio | 21.0 |
| Aldeanos / militares | 262 / 289 |
Foco
⚔️ 32.4% · 🌾 67.6%
Genoese Crossbowman ×180 · Hand Cannoneer ×35 · Skirmisher ×27 · Bombard Cannon ×22 · Scout Cavalry ×15 · Mangonel ×7
Mapa de la partida
Recursos iniciales + cada clic de construcción. Líneas = muros · curvas = relieve. ◆ oro · ⬟ piedra · ● bayas · ✦ reliquia · ◌ hueco del cierre
Tu base· ✓ Cerrada en 17:28 · 0t muro · 2 puerta(s)
Base de Soldier Ghostz· ✓ Cerrada en 13:48 · 0t muro · 2 puerta(s)
Base de HanniBaalTricks· ✓ Cerrada en 15:11 · 0t muro · 2 puerta(s)
Base de AnatolianTiger· ✓ Cerrada en 17:34 · 0t muro · 2 puerta(s)
Base de Rbofff· ✓ Cerrada en 15:15 · 0t muro · 2 puerta(s)
Base de BEKO· ✓ Cerrada en 16:45 · 0t muro · 3 puerta(s)
Base de Riky· ✓ Cerrada en 16:15 · 0t muro · 2 puerta(s)
Base de allycankurt600· ✓ Cerrada en 14:52 · 0t muro · 2 puerta(s)
Terreno inicial suavizado · ◌ = hueco del cierre detectado · pasá el cursor para detalles
Inputs por minuto
— [D]AYWALKE[r] - - Soldier Ghostz
Build order — [D]AYWALKE[r]
Primeras 150 de 563 acciones detectadas
| 0:02 | Investigar | Loom |
| 0:03 | Crear | Villager (Male) |
| 0:03 | Crear | Villager (Male) |
| 0:05 | Construir | House |
| 0:07 | Construir | House |
| 0:10 | Crear | Villager (Male) |
| 0:10 | Crear | Villager (Male) |
| 2:03 | Crear | Villager (Male) |
| 2:04 | Crear | Villager (Male) |
| 2:36 | Construir | Mill |
| 2:38 | Crear | Villager (Male) |
| 3:03 | Crear | Villager (Male) |
| 3:03 | Crear | Villager (Male) |
| 3:36 | Crear | Villager (Male) |
| 3:36 | Crear | Villager (Male) |
| 3:39 | Crear | Villager (Male) |
| 3:39 | Crear | Villager (Male) |
| 4:23 | Crear | Villager (Male) |
| 4:24 | Crear | Villager (Male) |
| 4:48 | Crear | Villager (Male) |
| 4:48 | Crear | Villager (Male) |
| 4:57 | Construir | House |
| 5:21 | Crear | Villager (Male) |
| 5:21 | Crear | Villager (Male) |
| 5:37 | Construir | House |
| 5:38 | Construir | House |
| 5:39 | Construir | House |
| 5:47 | Crear | Villager (Male) |
| 6:24 | Crear | Villager (Male) |
| 6:51 | Construir | House |
| 6:52 | Construir | House |
| 7:30 | Crear | Villager (Male) |
| 7:30 | Crear | Villager (Male) |
| 7:31 | Crear | Villager (Male) |
| 7:31 | Crear | Villager (Male) |
| 7:37 | Crear | Villager (Male) |
| 7:43 | Construir | Mining Camp |
| 7:46 | Crear | Villager (Male) |
| 7:46 | Crear | Villager (Male) |
| 7:46 | Crear | Villager (Male) |
| 8:29 | Construir | Lumber Camp |
| 8:36 | Construir | Lumber Camp |
| 8:39 | Crear | Villager (Male) |
| 10:51 | Construir | Farm |
| 10:53 | Construir | Farm |
| 10:54 | Construir | Farm |
| 10:56 | Construir | Farm |
| 10:58 | Investigar | Feudal Age |
| 11:53 | Construir | Lumber Camp |
| 12:29 | Construir | Farm |
| 12:30 | Construir | Farm |
| 12:54 | Crear | Villager (Male) |
| 12:54 | Crear | Villager (Male) |
| 12:54 | Crear | Villager (Male) |
| 13:08 | Edad | Edad Feudal |
| 13:15 | Construir | Market |
| 13:17 | Construir | Blacksmith |
| 13:40 | Crear | Villager (Male) |
| 13:42 | Crear | Villager (Male) |
| 14:43 | Investigar | Castle Age |
| 14:52 | Investigar | Gold Mining |
| 16:12 | Construir | Farm |
| 16:13 | Construir | Farm |
| 16:15 | Construir | Farm |
| 16:16 | Construir | Farm |
| 16:16 | Construir | Farm |
| 16:53 | Crear | Villager (Male) |
| 16:53 | Crear | Villager (Male) |
| 16:53 | Crear | Villager (Male) |
| 17:17 | Crear | Villager (Male) |
| 17:17 | Crear | Villager (Male) |
| 17:28 | Edad | Edad de los Castillos |
| 17:34 | Crear | Villager (Male) |
| 17:40 | Construir | Monastery |
| 17:45 | Construir | Town Center |
| 17:50 | Construir | Town Center |
| 18:37 | Construir | House |
| 18:38 | Construir | House |
| 18:39 | Construir | House |
| 18:40 | Construir | House |
| 18:41 | Construir | House |
| 18:42 | Crear | Monk |
| 19:09 | Crear | Villager (Male) |
| 19:09 | Crear | Villager (Male) |
| 19:09 | Crear | Villager (Male) |
| 19:11 | Crear | Villager (Male) |
| 19:11 | Crear | Villager (Male) |
| 19:12 | Crear | Villager (Male) |
| 19:12 | Crear | Villager (Male) |
| 19:12 | Crear | Villager (Male) |
| 19:15 | Construir | Farm |
| 19:16 | Construir | Farm |
| 19:17 | Construir | Farm |
| 19:18 | Construir | Farm |
| 19:37 | Crear | Villager (Male) |
| 19:38 | Crear | Villager (Male) |
| 19:39 | Crear | Villager (Male) |
| 19:40 | Construir | Farm |
| 19:42 | Construir | Farm |
| 19:50 | Crear | Villager (Male) |
| 19:57 | Crear | Monk |
| 20:13 | Construir | Farm |
| 20:14 | Construir | Farm |
| 20:17 | Crear | Villager (Male) |
| 20:17 | Crear | Villager (Male) |
| 20:18 | Crear | Villager (Male) |
| 20:20 | Crear | Villager (Male) |
| 20:32 | Construir | Farm |
| 21:04 | Crear | Villager (Male) |
| 21:05 | Crear | Villager (Male) |
| 21:06 | Crear | Villager (Male) |
| 21:07 | Crear | Villager (Male) |
| 21:07 | Crear | Villager (Male) |
| 21:12 | Construir | House |
| 21:13 | Construir | House |
| 21:14 | Construir | House |
| 21:14 | Construir | House |
| 21:15 | Construir | House |
| 21:24 | Investigar | Wheelbarrow |
| 21:29 | Crear | Monk |
| 21:42 | Investigar | Stone Mining |
| 21:50 | Construir | Farm |
| 21:51 | Construir | Farm |
| 21:52 | Construir | Farm |
| 21:53 | Construir | Farm |
| 21:56 | Investigar | Town Watch |
| 21:58 | Crear | Villager (Male) |
| 22:18 | Crear | Villager (Male) |
| 22:18 | Crear | Villager (Male) |
| 22:20 | Crear | Villager (Male) |
| 22:21 | Crear | Villager (Male) |
| 22:28 | Crear | Villager (Male) |
| 22:39 | Crear | Villager (Male) |
| 22:40 | Crear | Villager (Male) |
| 22:45 | Construir | Town Center |
| 22:47 | Crear | Villager (Male) |
| 23:00 | Crear | Monk |
| 23:05 | Crear | Villager (Male) |
| 23:06 | Crear | Villager (Male) |
| 23:06 | Crear | Villager (Male) |
| 23:38 | Crear | Villager (Male) |
| 23:38 | Crear | Villager (Male) |
| 23:40 | Crear | Villager (Male) |
| 23:50 | Construir | House |
| 23:51 | Construir | House |
| 23:54 | Construir | House |
| 23:57 | Construir | House |
| 23:58 | Construir | House |
| 23:59 | Construir | House |
| 24:07 | Crear | Villager (Male) |
Build order — Soldier Ghostz
Primeras 150 de 747 acciones detectadas
| 0:01 | Crear | Villager (Male) |
| 0:01 | Crear | Villager (Male) |
| 0:01 | Crear | Villager (Male) |
| 0:01 | Crear | Villager (Male) |
| 0:02 | Crear | Villager (Male) |
| 0:03 | Construir | House |
| 0:05 | Construir | House |
| 1:24 | Crear | Villager (Male) |
| 1:46 | Construir | Lumber Camp |
| 2:15 | Crear | Villager (Male) |
| 2:15 | Crear | Villager (Male) |
| 2:17 | Crear | Villager (Male) |
| 2:18 | Crear | Villager (Male) |
| 3:14 | Crear | Villager (Male) |
| 3:14 | Crear | Villager (Male) |
| 3:15 | Crear | Villager (Male) |
| 3:46 | Construir | House |
| 3:48 | Construir | House |
| 3:49 | Construir | House |
| 4:03 | Crear | Villager (Male) |
| 4:04 | Crear | Villager (Male) |
| 4:15 | Crear | Villager (Male) |
| 4:33 | Construir | Mill |
| 5:17 | Crear | Villager (Male) |
| 5:18 | Crear | Villager (Male) |
| 5:56 | Crear | Villager (Male) |
| 5:56 | Crear | Villager (Male) |
| 6:21 | Crear | Villager (Male) |
| 6:22 | Crear | Villager (Male) |
| 6:45 | Crear | Villager (Male) |
| 6:46 | Crear | Villager (Male) |
| 6:47 | Crear | Villager (Male) |
| 7:53 | Crear | Villager (Male) |
| 7:54 | Crear | Villager (Male) |
| 7:54 | Crear | Villager (Male) |
| 7:55 | Crear | Villager (Male) |
| 8:08 | Construir | Farm |
| 8:10 | Construir | Farm |
| 8:16 | Construir | Farm |
| 8:58 | Investigar | Feudal Age |
| 9:09 | Construir | Mining Camp |
| 12:19 | Construir | Market |
| 12:21 | Construir | Blacksmith |
| 12:36 | Investigar | Double-Bit Axe |
| 12:39 | Crear | Villager (Male) |
| 12:40 | Crear | Villager (Male) |
| 12:46 | Investigar | Wheelbarrow |
| 12:46 | Crear | Villager (Male) |
| 12:47 | Investigar | Loom |
| 13:14 | Construir | House |
| 13:16 | Construir | House |
| 13:17 | Construir | House |
| 13:18 | Construir | House |
| 13:19 | Construir | House |
| 13:20 | Construir | House |
| 13:21 | Construir | House |
| 13:36 | Construir | Farm |
| 13:48 | Investigar | Castle Age |
| 14:39 | Construir | Farm |
| 14:53 | Construir | House |
| 14:54 | Construir | House |
| 14:56 | Construir | House |
| 14:57 | Construir | House |
| 15:06 | Crear | Villager (Male) |
| 15:07 | Investigar | Loom |
| 15:08 | Crear | Villager (Male) |
| 16:33 | Crear | Villager (Male) |
| 16:36 | Crear | Villager (Male) |
| 16:45 | Construir | Town Center |
| 16:49 | Crear | Villager (Male) |
| 16:54 | Construir | Town Center |
| 17:16 | Crear | Villager (Male) |
| 17:17 | Crear | Villager (Male) |
| 17:33 | Construir | Farm |
| 17:33 | Construir | Farm |
| 17:34 | Construir | Farm |
| 17:36 | Construir | Farm |
| 17:37 | Construir | Farm |
| 17:48 | Crear | Villager (Male) |
| 17:49 | Crear | Villager (Male) |
| 17:49 | Crear | Villager (Male) |
| 17:57 | Construir | Farm |
| 18:00 | Construir | Farm |
| 18:01 | Construir | Farm |
| 18:21 | Construir | Farm |
| 18:35 | Crear | Villager (Male) |
| 18:35 | Crear | Villager (Male) |
| 18:36 | Crear | Villager (Male) |
| 18:36 | Crear | Villager (Male) |
| 18:42 | Construir | Farm |
| 18:48 | Crear | Villager (Male) |
| 18:48 | Crear | Villager (Male) |
| 18:55 | Construir | Farm |
| 19:00 | Crear | Villager (Male) |
| 19:00 | Crear | Villager (Male) |
| 19:13 | Crear | Villager (Male) |
| 19:13 | Crear | Villager (Male) |
| 19:13 | Crear | Villager (Male) |
| 19:16 | Construir | Farm |
| 19:21 | Construir | Farm |
| 19:23 | Crear | Villager (Male) |
| 19:23 | Crear | Villager (Male) |
| 19:34 | Crear | Villager (Male) |
| 19:40 | Construir | Farm |
| 19:42 | Crear | Villager (Male) |
| 19:43 | Crear | Villager (Male) |
| 19:55 | Construir | Farm |
| 19:56 | Construir | Farm |
| 20:00 | Construir | Farm |
| 20:03 | Crear | Villager (Male) |
| 20:03 | Crear | Villager (Male) |
| 20:16 | Construir | Farm |
| 20:17 | Crear | Villager (Male) |
| 20:18 | Crear | Villager (Male) |
| 20:18 | Crear | Villager (Male) |
| 20:27 | Crear | Villager (Male) |
| 20:28 | Crear | Villager (Male) |
| 20:37 | Construir | Farm |
| 20:40 | Construir | Farm |
| 20:48 | Construir | Farm |
| 20:50 | Crear | Villager (Male) |
| 20:50 | Crear | Villager (Male) |
| 20:55 | Construir | Farm |
| 21:07 | Crear | Villager (Male) |
| 21:07 | Crear | Villager (Male) |
| 21:07 | Crear | Villager (Male) |
| 21:08 | Crear | Villager (Male) |
| 21:20 | Construir | Farm |
| 21:27 | Construir | House |
| 21:33 | Investigar | Bow Saw |
| 21:34 | Crear | Villager (Male) |
| 21:34 | Crear | Villager (Male) |
| 21:40 | Construir | Farm |
| 21:44 | Construir | House |
| 21:46 | Construir | House |
| 21:47 | Construir | House |
| 21:49 | Construir | House |
| 21:50 | Construir | House |
| 21:52 | Crear | Villager (Male) |
| 21:52 | Crear | Villager (Male) |
| 21:52 | Crear | Villager (Male) |
| 21:53 | Crear | Villager (Male) |
| 22:15 | Construir | Barracks |
| 22:19 | Crear | Villager (Male) |
| 22:20 | Crear | Villager (Male) |
| 22:21 | Crear | Villager (Male) |
| 22:21 | Crear | Villager (Male) |
| 22:22 | Crear | Villager (Male) |
| 22:22 | Crear | Villager (Male) |
| 22:32 | Construir | Farm |
Build order — HanniBaalTricks
Primeras 150 de 402 acciones detectadas
| 0:05 | Crear | Villager (Male) |
| 0:05 | Crear | Villager (Male) |
| 0:07 | Construir | House |
| 0:11 | Construir | House |
| 1:02 | Crear | Villager (Male) |
| 1:02 | Crear | Villager (Male) |
| 1:33 | Crear | Villager (Male) |
| 1:58 | Construir | Lumber Camp |
| 2:12 | Crear | Villager (Male) |
| 2:41 | Crear | Villager (Male) |
| 2:42 | Crear | Villager (Male) |
| 3:23 | Investigar | Loom |
| 3:23 | Investigar | Loom |
| 3:40 | Crear | Villager (Male) |
| 3:52 | Crear | Villager (Male) |
| 4:01 | Crear | Villager (Male) |
| 4:13 | Crear | Villager (Male) |
| 4:14 | Construir | House |
| 4:19 | Construir | Mill |
| 4:56 | Crear | Villager (Male) |
| 5:42 | Crear | Villager (Male) |
| 5:42 | Crear | Villager (Male) |
| 5:43 | Crear | Villager (Male) |
| 5:48 | Construir | House |
| 5:53 | Crear | Villager (Male) |
| 6:07 | Crear | Villager (Male) |
| 6:29 | Crear | Villager (Male) |
| 6:33 | Crear | Villager (Male) |
| 6:35 | Crear | Villager (Male) |
| 7:27 | Crear | Villager (Male) |
| 7:30 | Crear | Villager (Male) |
| 7:46 | Construir | Lumber Camp |
| 7:54 | Crear | Villager (Male) |
| 8:29 | Construir | Mining Camp |
| 9:12 | Investigar | Feudal Age |
| 9:12 | Investigar | Feudal Age |
| 9:57 | Construir | House |
| 10:55 | Crear | Villager (Male) |
| 10:56 | Crear | Villager (Male) |
| 11:23 | Edad | Edad Feudal |
| 11:32 | Construir | Market |
| 11:34 | Construir | Blacksmith |
| 12:31 | Investigar | Castle Age |
| 12:31 | Investigar | Castle Age |
| 12:32 | Investigar | Castle Age |
| 13:04 | Construir | Lumber Camp |
| 13:16 | Crear | Villager (Male) |
| 13:16 | Crear | Villager (Male) |
| 13:20 | Investigar | Horse Collar |
| 13:20 | Investigar | Horse Collar |
| 13:45 | Construir | Farm |
| 13:46 | Construir | Farm |
| 13:48 | Construir | Farm |
| 13:49 | Construir | Farm |
| 13:55 | Construir | Farm |
| 13:57 | Construir | Farm |
| 13:58 | Construir | Farm |
| 14:32 | Investigar | Double-Bit Axe |
| 14:32 | Investigar | Double-Bit Axe |
| 14:56 | Construir | Farm |
| 14:58 | Construir | Farm |
| 15:00 | Construir | Farm |
| 15:01 | Construir | Farm |
| 15:03 | Construir | Farm |
| 15:04 | Construir | Farm |
| 15:09 | Crear | Villager (Male) |
| 15:11 | Edad | Edad de los Castillos |
| 15:29 | Crear | Villager (Male) |
| 15:40 | Construir | House |
| 15:41 | Construir | House |
| 15:53 | Crear | Villager (Male) |
| 16:12 | Construir | House |
| 16:18 | Crear | Villager (Male) |
| 16:28 | Crear | Villager (Male) |
| 16:34 | Construir | House |
| 16:47 | Construir | Town Center |
| 16:55 | Crear | Villager (Male) |
| 17:11 | Crear | Villager (Male) |
| 17:27 | Investigar | Bow Saw |
| 17:28 | Investigar | Bow Saw |
| 17:51 | Investigar | Heavy Plow |
| 17:52 | Investigar | Heavy Plow |
| 17:54 | Construir | House |
| 17:56 | Construir | House |
| 18:07 | Crear | Villager (Male) |
| 18:19 | Crear | Villager (Male) |
| 18:20 | Crear | Villager (Male) |
| 18:27 | Crear | Villager (Male) |
| 18:27 | Crear | Villager (Male) |
| 18:32 | Construir | Farm |
| 18:34 | Construir | Farm |
| 19:01 | Crear | Villager (Male) |
| 19:01 | Crear | Villager (Male) |
| 19:03 | Crear | Villager (Male) |
| 19:27 | Construir | Town Center |
| 19:29 | Crear | Villager (Male) |
| 19:32 | Construir | Farm |
| 19:35 | Construir | Farm |
| 19:40 | Construir | Farm |
| 19:43 | Construir | Farm |
| 19:43 | Crear | Villager (Male) |
| 19:45 | Construir | Farm |
| 19:46 | Crear | Villager (Male) |
| 19:51 | Construir | Farm |
| 19:55 | Construir | Farm |
| 19:56 | Crear | Villager (Male) |
| 20:11 | Crear | Villager (Male) |
| 20:34 | Crear | Villager (Male) |
| 20:40 | Construir | House |
| 20:41 | Construir | House |
| 20:43 | Crear | Villager (Male) |
| 20:45 | Crear | Villager (Male) |
| 20:49 | Crear | Villager (Male) |
| 20:54 | Construir | Farm |
| 20:55 | Construir | Farm |
| 20:58 | Crear | Villager (Male) |
| 20:59 | Crear | Villager (Male) |
| 21:07 | Crear | Villager (Male) |
| 21:24 | Crear | Villager (Male) |
| 21:34 | Crear | Villager (Male) |
| 21:35 | Crear | Villager (Male) |
| 21:35 | Crear | Villager (Male) |
| 21:54 | Crear | Villager (Male) |
| 21:57 | Crear | Villager (Male) |
| 22:05 | Crear | Villager (Male) |
| 22:14 | Crear | Villager (Male) |
| 22:23 | Construir | Outpost |
| 22:25 | Construir | Outpost |
| 22:29 | Construir | Outpost |
| 22:32 | Construir | Outpost |
| 22:35 | Construir | Outpost |
| 22:37 | Construir | Outpost |
| 22:40 | Construir | Outpost |
| 22:42 | Crear | Villager (Male) |
| 22:58 | Construir | Farm |
| 22:59 | Construir | Farm |
| 23:01 | Crear | Villager (Male) |
| 23:04 | Crear | Villager (Male) |
| 23:13 | Crear | Villager (Male) |
| 23:14 | Crear | Villager (Male) |
| 23:16 | Crear | Villager (Male) ×5 |
| 23:18 | Crear | Villager (Male) ×2 |
| 23:23 | Construir | House |
| 23:24 | Construir | House |
| 23:26 | Construir | House |
| 23:26 | Construir | House |
| 23:27 | Construir | House |
| 23:35 | Construir | Mill |
| 23:36 | Construir | Farm |
| 23:36 | Construir | Farm |
Build order — AnatolianTiger
Primeras 150 de 435 acciones detectadas
| 0:01 | Crear | Villager (Male) |
| 0:02 | Crear | Villager (Male) |
| 0:02 | Crear | Villager (Male) |
| 0:02 | Crear | Villager (Male) |
| 0:02 | Crear | Villager (Male) |
| 0:03 | Construir | House |
| 0:04 | Construir | House |
| 1:40 | Crear | Villager (Male) |
| 1:40 | Crear | Villager (Male) |
| 2:06 | Crear | Villager (Male) |
| 2:06 | Crear | Villager (Male) |
| 2:24 | Construir | Lumber Camp |
| 2:41 | Crear | Villager (Male) |
| 2:42 | Crear | Villager (Male) |
| 2:46 | Crear | Villager (Male) |
| 2:46 | Crear | Villager (Male) |
| 3:22 | Construir | House |
| 3:23 | Construir | House |
| 3:31 | Crear | Villager (Male) |
| 3:31 | Crear | Villager (Male) |
| 3:32 | Crear | Villager (Male) |
| 3:49 | Crear | Villager (Male) |
| 3:50 | Crear | Villager (Male) |
| 4:13 | Crear | Villager (Male) |
| 4:14 | Crear | Villager (Male) |
| 4:14 | Crear | Villager (Male) |
| 4:54 | Construir | Mill |
| 4:59 | Crear | Villager (Male) |
| 5:02 | Crear | Villager (Male) |
| 5:03 | Crear | Villager (Male) |
| 5:03 | Crear | Villager (Male) |
| 5:33 | Crear | Villager (Male) |
| 5:34 | Crear | Villager (Male) |
| 5:34 | Crear | Villager (Male) |
| 6:00 | Crear | Villager (Male) |
| 6:00 | Crear | Villager (Male) |
| 6:05 | Crear | Villager (Male) |
| 6:05 | Crear | Villager (Male) |
| 6:34 | Crear | Villager (Male) |
| 6:34 | Crear | Villager (Male) |
| 6:35 | Crear | Villager (Male) |
| 6:35 | Crear | Villager (Male) |
| 6:40 | Crear | Villager (Male) |
| 6:40 | Crear | Villager (Male) |
| 6:40 | Crear | Villager (Male) |
| 6:45 | Construir | House |
| 7:37 | Crear | Villager (Male) |
| 7:38 | Crear | Villager (Male) |
| 7:38 | Crear | Villager (Male) |
| 7:38 | Crear | Villager (Male) |
| 7:38 | Crear | Villager (Male) |
| 7:41 | Construir | House |
| 8:00 | Crear | Villager (Male) |
| 8:00 | Crear | Villager (Male) |
| 8:43 | Investigar | Feudal Age |
| 8:48 | Construir | Mining Camp |
| 9:11 | Investigar | Loom |
| 9:36 | Crear | Villager (Male) |
| 9:36 | Crear | Villager (Male) |
| 9:37 | Crear | Villager (Male) |
| 9:37 | Crear | Villager (Male) |
| 9:37 | Crear | Villager (Male) |
| 9:38 | Crear | Villager (Male) |
| 10:34 | Construir | Barracks |
| 10:54 | Edad | Edad Feudal |
| 11:00 | Crear | Villager (Male) |
| 11:00 | Crear | Villager (Male) |
| 11:00 | Crear | Villager (Male) |
| 11:00 | Crear | Villager (Male) |
| 11:01 | Crear | Villager (Male) |
| 11:01 | Crear | Villager (Male) |
| 11:17 | Construir | Blacksmith |
| 11:48 | Construir | Farm |
| 11:49 | Construir | Farm |
| 11:51 | Construir | Farm |
| 11:52 | Construir | Farm |
| 11:53 | Construir | Farm |
| 11:55 | Construir | Farm |
| 11:57 | Construir | Farm |
| 12:17 | Crear | Villager (Male) |
| 12:37 | Crear | Villager (Male) |
| 12:53 | Construir | Farm |
| 12:54 | Construir | Farm |
| 12:57 | Construir | Farm |
| 13:00 | Construir | Farm |
| 13:50 | Construir | Market |
| 14:00 | Crear | Villager (Male) |
| 14:06 | Construir | Farm |
| 14:26 | Construir | House |
| 14:27 | Construir | House |
| 14:28 | Construir | House |
| 14:29 | Construir | House |
| 14:41 | Construir | Farm |
| 14:52 | Construir | Farm |
| 14:54 | Investigar | Castle Age |
| 15:05 | Investigar | Double-Bit Axe |
| 15:15 | Construir | Farm |
| 15:25 | Construir | Mining Camp |
| 15:48 | Crear | Spearman |
| 15:48 | Crear | Spearman |
| 16:47 | Crear | Villager (Male) |
| 16:53 | Crear | Villager (Male) |
| 17:00 | Investigar | Horse Collar |
| 17:08 | Crear | Spearman |
| 17:23 | Crear | Spearman |
| 17:23 | Crear | Spearman |
| 17:34 | Edad | Edad de los Castillos |
| 17:50 | Investigar | Pikeman (upgrade) |
| 17:51 | Crear | Spearman |
| 17:51 | Crear | Spearman |
| 17:51 | Crear | Spearman |
| 18:07 | Investigar | Squires |
| 18:07 | Crear | Spearman |
| 18:13 | Construir | Town Center |
| 18:30 | Construir | Siege Workshop |
| 18:38 | Crear | Villager (Male) |
| 18:38 | Crear | Villager (Male) |
| 18:38 | Crear | Villager (Male) |
| 18:51 | Crear | Spearman |
| 18:57 | Crear | Spearman |
| 18:57 | Crear | Spearman |
| 19:02 | Construir | Farm |
| 19:03 | Construir | Farm |
| 19:04 | Construir | Farm |
| 19:07 | Crear | Villager (Male) |
| 19:07 | Crear | Villager (Male) |
| 19:07 | Crear | Villager (Male) |
| 19:29 | Crear | Battering Ram |
| 19:29 | Crear | Battering Ram |
| 19:36 | Crear | Villager (Male) ×3 |
| 19:42 | Construir | Farm |
| 19:47 | Construir | Farm |
| 19:50 | Construir | Farm |
| 20:17 | Crear | Villager (Male) ×3 |
| 20:32 | Crear | Scorpion |
| 20:33 | Crear | Scorpion |
| 20:51 | Crear | Spearman |
| 20:52 | Crear | Spearman |
| 20:52 | Crear | Spearman |
| 20:59 | Construir | Farm |
| 21:00 | Construir | Farm |
| 22:31 | Crear | Battering Ram |
| 23:10 | Crear | Villager (Male) |
| 23:10 | Crear | Villager (Male) |
| 23:10 | Crear | Villager (Male) |
| 23:10 | Crear | Villager (Male) |
| 23:26 | Construir | Farm |
| 23:26 | Construir | Farm |
| 23:28 | Construir | Farm |
| 23:38 | Construir | Archery Range |
Build order — Rbofff
Primeras 150 de 627 acciones detectadas
| 0:02 | Crear | Villager (Male) |
| 0:02 | Crear | Villager (Male) |
| 0:02 | Crear | Villager (Male) |
| 0:03 | Crear | Villager (Male) |
| 0:04 | Construir | House |
| 0:05 | Construir | House |
| 1:24 | Crear | Villager (Male) |
| 1:24 | Crear | Villager (Male) |
| 2:03 | Crear | Villager (Male) |
| 2:03 | Crear | Villager (Male) |
| 2:03 | Crear | Villager (Male) |
| 2:14 | Construir | Mill |
| 2:15 | Crear | Villager (Male) |
| 2:15 | Crear | Villager (Male) |
| 2:53 | Crear | Villager (Male) |
| 2:54 | Crear | Villager (Male) |
| 3:23 | Crear | Villager (Male) |
| 3:23 | Crear | Villager (Male) |
| 3:25 | Construir | House |
| 3:49 | Crear | Villager (Male) |
| 3:49 | Crear | Villager (Male) |
| 3:49 | Crear | Villager (Male) |
| 4:11 | Crear | Villager (Male) |
| 4:11 | Crear | Villager (Male) |
| 4:41 | Construir | Mining Camp |
| 4:44 | Crear | Villager (Male) |
| 4:44 | Crear | Villager (Male) |
| 4:44 | Crear | Villager (Male) |
| 4:44 | Crear | Villager (Male) |
| 6:06 | Construir | Lumber Camp |
| 6:36 | Crear | Villager (Male) |
| 6:56 | Construir | House |
| 7:02 | Crear | Villager (Male) |
| 7:21 | Crear | Villager (Male) |
| 7:29 | Crear | Villager (Male) |
| 8:16 | Construir | Mining Camp |
| 8:25 | Crear | Villager (Male) |
| 8:36 | Investigar | Feudal Age |
| 9:30 | Construir | Lumber Camp |
| 9:38 | Construir | Lumber Camp |
| 10:24 | Construir | House |
| 11:07 | Edad | Edad Feudal |
| 11:10 | Crear | Villager (Male) |
| 11:16 | Construir | Market |
| 11:31 | Crear | Villager (Male) |
| 11:46 | Construir | Blacksmith |
| 12:00 | Crear | Villager (Male) |
| 12:34 | Construir | Lumber Camp |
| 12:35 | Investigar | Castle Age |
| 12:35 | Investigar | Castle Age |
| 13:23 | Construir | Farm |
| 13:29 | Investigar | Double-Bit Axe |
| 13:44 | Construir | Farm |
| 13:47 | Construir | Farm |
| 13:50 | Construir | Farm |
| 14:07 | Construir | Farm |
| 14:51 | Crear | Villager (Male) |
| 15:15 | Edad | Edad de los Castillos |
| 15:18 | Construir | Castle |
| 15:21 | Crear | Villager (Male) |
| 15:35 | Construir | Town Center |
| 15:42 | Construir | Farm |
| 16:26 | Crear | Villager (Male) |
| 16:26 | Investigar | Loom |
| 16:27 | Construir | Farm |
| 16:31 | Construir | House |
| 17:04 | Crear | Villager (Male) |
| 17:07 | Construir | Farm |
| 17:12 | Crear | Villager (Male) |
| 17:12 | Crear | Villager (Male) |
| 17:12 | Crear | Villager (Male) |
| 17:27 | Construir | Farm |
| 17:33 | Crear | Mangudai |
| 17:33 | Crear | Mangudai |
| 17:33 | Crear | Mangudai |
| 17:33 | Crear | Mangudai |
| 17:38 | Crear | Villager (Male) |
| 17:41 | Construir | Farm |
| 18:00 | Crear | Villager (Male) |
| 18:04 | Construir | Farm |
| 18:08 | Crear | Mangudai |
| 18:16 | Crear | Villager (Male) |
| 18:29 | Crear | Villager (Male) |
| 18:31 | Construir | Farm |
| 18:32 | Crear | Villager (Male) |
| 18:55 | Crear | Villager (Male) |
| 18:58 | Construir | Farm |
| 19:03 | Construir | Farm |
| 19:05 | Crear | Villager (Male) |
| 19:08 | Crear | Mangudai |
| 19:22 | Crear | Villager (Male) |
| 19:23 | Construir | Farm |
| 19:26 | Construir | Farm |
| 19:28 | Crear | Villager (Male) |
| 19:52 | Crear | Villager (Male) |
| 19:54 | Construir | Farm |
| 19:57 | Crear | Villager (Male) |
| 20:01 | Construir | Farm |
| 20:07 | Investigar | Horse Collar |
| 20:07 | Investigar | Horse Collar |
| 20:12 | Crear | Mangudai |
| 20:13 | Crear | Mangudai |
| 20:13 | Crear | Mangudai |
| 20:35 | Construir | Farm |
| 20:37 | Construir | Farm |
| 20:39 | Crear | Villager (Male) |
| 20:42 | Crear | Villager (Male) |
| 20:45 | Crear | Villager (Male) |
| 20:45 | Crear | Villager (Male) |
| 20:45 | Crear | Villager (Male) |
| 21:05 | Investigar | Fletching |
| 21:06 | Investigar | Fletching |
| 21:11 | Construir | Barracks |
| 21:17 | Crear | Mangudai |
| 21:17 | Crear | Mangudai |
| 22:23 | Crear | Mangudai |
| 22:23 | Crear | Mangudai |
| 22:24 | Crear | Mangudai |
| 22:24 | Crear | Mangudai |
| 22:28 | Construir | Stable |
| 22:29 | Crear | Villager (Male) |
| 22:29 | Crear | Villager (Male) |
| 22:30 | Crear | Villager (Male) |
| 22:48 | Crear | Mangudai |
| 22:48 | Crear | Mangudai |
| 22:54 | Crear | Villager (Male) |
| 22:54 | Crear | Villager (Male) |
| 22:54 | Crear | Villager (Male) |
| 22:57 | Crear | Villager (Male) |
| 22:58 | Crear | Villager (Male) |
| 23:28 | Construir | House |
| 23:29 | Construir | House |
| 23:31 | Construir | Farm |
| 23:37 | Construir | Farm |
| 23:38 | Crear | Villager (Male) |
| 23:42 | Crear | Villager (Male) |
| 23:50 | Construir | House |
| 23:52 | Construir | House |
| 23:53 | Investigar | Bloodlines |
| 23:54 | Investigar | Bloodlines |
| 23:59 | Investigar | Bow Saw |
| 24:15 | Crear | Villager (Male) |
| 24:20 | Investigar | Gold Mining |
| 24:20 | Investigar | Gold Mining |
| 24:38 | Construir | Castle |
| 24:40 | Crear | Villager (Male) |
| 24:42 | Crear | Villager (Male) |
| 24:46 | Crear | Mangudai |
| 24:46 | Crear | Mangudai |
| 25:02 | Construir | University |
Build order — BEKO
Primeras 150 de 377 acciones detectadas
| 0:02 | Crear | Villager (Male) |
| 0:02 | Crear | Villager (Male) |
| 0:03 | Construir | House |
| 0:05 | Construir | House |
| 0:10 | Crear | Villager (Male) |
| 0:11 | Crear | Villager (Male) |
| 1:37 | Crear | Villager (Male) |
| 1:37 | Crear | Villager (Male) |
| 1:51 | Construir | Lumber Camp |
| 2:01 | Crear | Villager (Male) |
| 2:01 | Crear | Villager (Male) |
| 2:20 | Crear | Villager (Male) |
| 2:20 | Crear | Villager (Male) |
| 2:53 | Crear | Villager (Male) |
| 2:54 | Crear | Villager (Male) |
| 3:07 | Crear | Villager (Male) |
| 3:07 | Crear | Villager (Male) |
| 3:28 | Construir | House |
| 3:30 | Construir | House |
| 3:30 | Construir | House |
| 3:37 | Crear | Villager (Male) |
| 3:53 | Crear | Villager (Male) |
| 3:53 | Crear | Villager (Male) |
| 4:32 | Crear | Villager (Male) |
| 4:33 | Crear | Villager (Male) |
| 5:11 | Investigar | Loom |
| 5:11 | Investigar | Loom |
| 5:32 | Crear | Villager (Male) |
| 5:32 | Crear | Villager (Male) |
| 5:54 | Crear | Villager (Male) |
| 6:05 | Crear | Villager (Male) |
| 6:10 | Crear | Villager (Male) |
| 6:10 | Crear | Villager (Male) |
| 7:27 | Construir | Mill |
| 7:29 | Crear | Villager (Male) |
| 7:55 | Crear | Villager (Male) |
| 8:12 | Construir | Mining Camp |
| 8:20 | Crear | Villager (Male) |
| 8:53 | Crear | Villager (Male) |
| 9:00 | Construir | Lumber Camp |
| 9:02 | Crear | Villager (Male) |
| 9:28 | Crear | Villager (Male) |
| 9:29 | Investigar | Feudal Age |
| 9:29 | Investigar | Feudal Age |
| 10:32 | Construir | Farm |
| 10:33 | Construir | Farm |
| 10:40 | Construir | Barracks |
| 10:47 | Construir | Barracks |
| 10:58 | Construir | Farm |
| 11:11 | Construir | Farm |
| 11:33 | Construir | Farm |
| 11:45 | Construir | Farm |
| 11:49 | Construir | House |
| 11:52 | Construir | House |
| 12:10 | Crear | Villager (Male) |
| 12:11 | Crear | Villager (Male) |
| 12:21 | Edad | Edad Feudal |
| 12:31 | Construir | Blacksmith |
| 12:42 | Construir | Archery Range |
| 12:46 | Construir | Blacksmith |
| 12:48 | Crear | Villager (Male) |
| 12:53 | Construir | Mining Camp |
| 13:40 | Crear | Villager (Male) |
| 13:55 | Investigar | Castle Age |
| 13:55 | Investigar | Castle Age |
| 14:24 | Investigar | Horse Collar |
| 14:24 | Investigar | Horse Collar |
| 14:37 | Crear | Villager (Male) |
| 14:37 | Crear | Villager (Male) |
| 15:10 | Investigar | Double-Bit Axe |
| 15:10 | Investigar | Double-Bit Axe |
| 16:13 | Crear | Villager (Male) |
| 16:35 | Crear | Villager (Male) |
| 16:45 | Edad | Edad de los Castillos |
| 16:48 | Construir | Town Center |
| 16:49 | Crear | Villager (Male) |
| 16:51 | Construir | Town Center |
| 16:56 | Investigar | Bow Saw |
| 16:56 | Investigar | Heavy Plow |
| 17:02 | Investigar | Heavy Plow |
| 17:02 | Investigar | Heavy Plow |
| 17:30 | Crear | Villager (Male) |
| 17:45 | Construir | Farm |
| 18:06 | Construir | Farm |
| 18:09 | Crear | Villager (Male) |
| 18:10 | Crear | Villager (Male) |
| 18:10 | Crear | Villager (Male) |
| 18:12 | Construir | Farm |
| 18:13 | Construir | Farm |
| 18:14 | Construir | Farm |
| 18:14 | Construir | Farm |
| 18:16 | Crear | Villager (Male) |
| 18:16 | Crear | Villager (Male) |
| 18:26 | Construir | Farm |
| 18:34 | Construir | Farm |
| 18:38 | Crear | Villager (Male) |
| 18:41 | Construir | Farm |
| 18:42 | Construir | Farm |
| 18:52 | Construir | Farm |
| 18:52 | Construir | Farm |
| 18:56 | Crear | Villager (Male) |
| 18:56 | Crear | Villager (Male) |
| 19:02 | Crear | Villager (Male) |
| 19:12 | Construir | Farm |
| 19:14 | Crear | Villager (Male) |
| 19:19 | Crear | Villager (Male) |
| 19:29 | Construir | Farm |
| 19:30 | Construir | Farm |
| 19:31 | Crear | Villager (Male) |
| 19:33 | Crear | Villager (Male) |
| 19:35 | Construir | Farm |
| 19:44 | Construir | Farm |
| 19:47 | Construir | House |
| 19:48 | Construir | House |
| 19:56 | Crear | Villager (Male) |
| 19:57 | Crear | Villager (Male) |
| 20:05 | Crear | Villager (Male) |
| 20:08 | Construir | Farm |
| 20:08 | Construir | Farm |
| 20:13 | Crear | Villager (Male) |
| 20:15 | Crear | Villager (Male) |
| 20:26 | Construir | Farm |
| 20:37 | Construir | Castle |
| 20:40 | Construir | Farm |
| 20:42 | Crear | Villager (Male) |
| 20:43 | Crear | Villager (Male) |
| 20:44 | Crear | Villager (Male) |
| 21:00 | Crear | Villager (Male) |
| 21:08 | Crear | Villager (Male) |
| 21:11 | Crear | Villager (Male) |
| 21:11 | Crear | Villager (Male) |
| 21:12 | Crear | Villager (Male) |
| 21:23 | Crear | Villager (Male) |
| 21:30 | Construir | House |
| 21:31 | Construir | House |
| 21:33 | Construir | House |
| 21:34 | Crear | Villager (Male) |
| 21:36 | Crear | Villager (Male) |
| 21:39 | Crear | Villager (Male) |
| 21:43 | Crear | Villager (Male) |
| 21:45 | Construir | Farm |
| 21:49 | Construir | Farm |
| 21:54 | Crear | Villager (Male) |
| 22:09 | Crear | Villager (Male) |
| 22:21 | Crear | Villager (Male) |
| 22:23 | Crear | Villager (Male) |
| 22:26 | Crear | Villager (Male) |
| 22:30 | Crear | Villager (Male) |
| 22:31 | Crear | Villager (Male) |
| 22:33 | Crear | Villager (Male) |
Build order — Riky
Primeras 150 de 395 acciones detectadas
| 0:03 | Crear | Villager (Male) ×4 |
| 0:06 | Construir | House |
| 0:08 | Construir | House |
| 1:29 | Crear | Villager (Male) |
| 1:30 | Crear | Villager (Male) |
| 2:12 | Crear | Villager (Male) |
| 2:12 | Crear | Villager (Male) |
| 2:30 | Crear | Villager (Male) |
| 2:34 | Construir | Lumber Camp |
| 2:52 | Crear | Villager (Male) |
| 3:21 | Crear | Villager (Male) |
| 3:38 | Crear | Villager (Male) |
| 3:38 | Crear | Villager (Male) |
| 3:58 | Crear | Villager (Male) |
| 3:59 | Crear | Villager (Male) |
| 4:02 | Construir | House |
| 4:03 | Construir | House |
| 4:43 | Crear | Villager (Male) |
| 4:43 | Crear | Villager (Male) |
| 4:48 | Construir | Mill |
| 4:58 | Construir | House |
| 5:10 | Crear | Villager (Male) ×2 |
| 5:56 | Crear | Villager (Male) ×3 |
| 6:19 | Crear | Villager (Male) |
| 6:57 | Construir | Mining Camp |
| 7:48 | Crear | Villager (Male) |
| 8:28 | Investigar | Feudal Age |
| 10:03 | Crear | Villager (Male) |
| 10:03 | Crear | Villager (Male) |
| 10:38 | Edad | Edad Feudal |
| 10:43 | Investigar | Double-Bit Axe |
| 10:45 | Investigar | Horse Collar |
| 10:55 | Construir | Farm |
| 11:24 | Crear | Villager (Male) |
| 11:28 | Construir | Blacksmith |
| 11:32 | Construir | Market |
| 11:50 | Construir | Farm |
| 11:54 | Construir | Farm |
| 11:57 | Crear | Villager (Male) |
| 11:59 | Construir | Farm |
| 12:05 | Construir | Farm |
| 12:05 | Construir | Farm |
| 12:06 | Construir | Farm |
| 12:06 | Construir | Farm |
| 12:08 | Construir | Farm |
| 12:08 | Construir | Farm |
| 12:20 | Crear | Villager (Male) |
| 12:25 | Construir | House |
| 12:29 | Construir | Farm |
| 12:32 | Construir | Farm |
| 12:44 | Investigar | Loom |
| 12:55 | Construir | Farm |
| 13:15 | Construir | Farm |
| 13:18 | Construir | Farm |
| 13:35 | Investigar | Castle Age |
| 13:35 | Investigar | Castle Age |
| 14:20 | Construir | Lumber Camp |
| 15:17 | Construir | House |
| 15:48 | Construir | Barracks |
| 15:56 | Investigar | Forging |
| 16:00 | Crear | Villager (Male) |
| 16:15 | Edad | Edad de los Castillos |
| 16:17 | Construir | Monastery |
| 16:19 | Investigar | Bow Saw |
| 16:41 | Construir | Town Center |
| 16:45 | Crear | Villager (Male) |
| 16:52 | Construir | House |
| 17:03 | Crear | Monk |
| 17:19 | Crear | Villager (Male) |
| 17:21 | Crear | Villager (Male) |
| 17:32 | Investigar | Heavy Plow |
| 17:48 | Crear | Villager (Male) |
| 17:55 | Construir | Farm |
| 17:58 | Construir | Farm |
| 18:06 | Construir | Farm |
| 18:11 | Crear | Villager (Male) |
| 18:13 | Crear | Villager (Male) |
| 18:19 | Crear | Monk |
| 18:27 | Crear | Spearman |
| 18:32 | Crear | Villager (Male) |
| 18:40 | Construir | Stable |
| 18:49 | Investigar | Fervor |
| 18:56 | Crear | Villager (Male) |
| 18:56 | Crear | Villager (Male) |
| 19:05 | Crear | Villager (Male) |
| 19:05 | Crear | Villager (Male) |
| 19:21 | Construir | Stable |
| 19:25 | Crear | Villager (Male) |
| 19:26 | Crear | Villager (Male) |
| 19:30 | Construir | Farm |
| 19:32 | Construir | Farm |
| 19:51 | Crear | Scout Cavalry |
| 20:00 | Construir | Town Center |
| 20:08 | Investigar | Wheelbarrow |
| 20:10 | Crear | Villager (Male) |
| 20:10 | Crear | Villager (Male) |
| 20:23 | Construir | House |
| 20:25 | Construir | House |
| 20:26 | Construir | House |
| 21:01 | Crear | Battle Elephant |
| 21:03 | Crear | Battle Elephant |
| 21:10 | Crear | Villager (Male) |
| 21:10 | Crear | Villager (Male) |
| 21:26 | Construir | Mining Camp |
| 21:30 | Crear | Villager (Male) |
| 21:30 | Crear | Villager (Male) |
| 21:31 | Crear | Battle Elephant |
| 21:32 | Crear | Battle Elephant |
| 21:39 | Construir | House |
| 21:40 | Construir | House |
| 21:41 | Construir | House |
| 21:42 | Construir | House |
| 21:49 | Construir | Farm |
| 21:55 | Construir | Farm |
| 21:56 | Construir | Farm |
| 21:56 | Construir | Farm |
| 21:56 | Construir | Farm |
| 21:57 | Construir | Farm |
| 21:57 | Construir | Farm |
| 21:58 | Construir | Farm |
| 21:58 | Construir | Farm |
| 21:59 | Construir | Farm |
| 22:00 | Construir | Farm |
| 22:09 | Crear | Villager (Male) |
| 22:11 | Crear | Villager (Male) |
| 22:22 | Investigar | Sanctity |
| 22:45 | Crear | Villager (Male) |
| 22:45 | Crear | Villager (Male) |
| 22:45 | Crear | Villager (Male) |
| 22:46 | Crear | Villager (Male) |
| 22:47 | Crear | Villager (Male) |
| 22:49 | Crear | Villager (Male) |
| 22:51 | Construir | Farm |
| 22:54 | Construir | Mill |
| 23:00 | Construir | Farm |
| 23:01 | Construir | Farm |
| 23:03 | Construir | Farm |
| 23:09 | Crear | Battle Elephant |
| 23:10 | Crear | Battle Elephant |
| 23:24 | Construir | Stable |
| 23:26 | Investigar | Scale Barding Armor |
| 23:30 | Investigar | Husbandry |
| 23:50 | Crear | Villager (Male) |
| 23:51 | Crear | Villager (Male) |
| 23:51 | Crear | Villager (Male) |
| 23:57 | Crear | Villager (Male) |
| 24:07 | Construir | Mining Camp |
| 24:25 | Construir | House |
| 24:26 | Construir | House |
| 24:29 | Crear | Villager (Male) |
Build order — allycankurt600
Primeras 150 de 573 acciones detectadas
| 0:02 | Crear | Villager (Male) |
| 0:04 | Construir | House |
| 0:05 | Construir | House |
| 0:07 | Crear | Villager (Male) |
| 0:07 | Crear | Villager (Male) |
| 0:28 | Crear | Villager (Male) |
| 0:28 | Crear | Villager (Male) |
| 1:37 | Crear | Villager (Male) |
| 1:37 | Crear | Villager (Male) |
| 2:02 | Crear | Villager (Male) |
| 2:21 | Crear | Villager (Male) |
| 2:22 | Crear | Villager (Male) |
| 2:43 | Construir | Lumber Camp |
| 2:57 | Crear | Villager (Male) |
| 2:57 | Crear | Villager (Male) |
| 3:09 | Crear | Villager (Male) |
| 3:43 | Crear | Villager (Male) |
| 3:43 | Crear | Villager (Male) |
| 3:52 | Construir | House |
| 3:59 | Crear | Villager (Male) |
| 4:00 | Crear | Villager (Male) |
| 4:25 | Crear | Villager (Male) |
| 4:25 | Crear | Villager (Male) |
| 4:26 | Crear | Villager (Male) |
| 4:26 | Crear | Villager (Male) |
| 5:03 | Crear | Villager (Male) |
| 5:03 | Crear | Villager (Male) |
| 5:22 | Crear | Villager (Male) |
| 5:23 | Crear | Villager (Male) |
| 5:37 | Crear | Villager (Male) |
| 5:37 | Crear | Villager (Male) |
| 5:47 | Construir | House |
| 6:00 | Crear | Villager (Male) |
| 6:00 | Crear | Villager (Male) |
| 6:26 | Construir | Mill |
| 6:28 | Crear | Villager (Male) |
| 6:28 | Crear | Villager (Male) |
| 6:28 | Crear | Villager (Male) |
| 6:28 | Crear | Villager (Male) |
| 7:12 | Crear | Villager (Male) |
| 7:44 | Construir | Mining Camp |
| 7:53 | Investigar | Feudal Age |
| 8:26 | Construir | Mining Camp |
| 8:35 | Crear | Villager (Male) |
| 8:35 | Crear | Villager (Male) |
| 9:02 | Construir | House |
| 9:04 | Construir | House |
| 10:57 | Edad | Edad Feudal |
| 11:05 | Construir | Market |
| 11:21 | Construir | Blacksmith |
| 11:25 | Crear | Villager (Male) |
| 12:08 | Investigar | Castle Age |
| 12:11 | Investigar | Fletching |
| 12:36 | Construir | Farm |
| 12:39 | Construir | Farm |
| 12:41 | Construir | Farm |
| 12:52 | Crear | Villager (Male) |
| 12:53 | Crear | Villager (Male) |
| 12:53 | Crear | Villager (Male) |
| 13:13 | Investigar | Double-Bit Axe |
| 13:20 | Construir | Farm |
| 13:26 | Construir | Farm |
| 13:31 | Construir | Farm |
| 13:34 | Construir | Farm |
| 14:16 | Crear | Villager (Male) |
| 14:17 | Crear | Villager (Male) |
| 14:17 | Crear | Villager (Male) |
| 14:52 | Edad | Edad de los Castillos |
| 14:55 | Construir | Town Center |
| 15:13 | Construir | Farm |
| 15:15 | Construir | Farm |
| 15:54 | Crear | Villager (Male) |
| 15:55 | Crear | Villager (Male) |
| 15:55 | Crear | Villager (Male) |
| 16:14 | Construir | Town Center |
| 16:27 | Crear | Villager (Male) |
| 16:28 | Crear | Villager (Male) |
| 16:30 | Crear | Villager (Male) |
| 16:30 | Crear | Villager (Male) |
| 16:37 | Crear | Villager (Male) |
| 16:37 | Crear | Villager (Male) |
| 16:37 | Crear | Villager (Male) |
| 16:37 | Crear | Villager (Male) |
| 16:38 | Crear | Villager (Male) |
| 17:04 | Investigar | Horse Collar |
| 17:22 | Construir | Farm |
| 17:22 | Construir | Farm |
| 17:23 | Construir | Farm |
| 17:23 | Construir | Farm |
| 17:23 | Construir | Farm |
| 17:24 | Construir | Farm |
| 17:32 | Construir | House |
| 17:33 | Construir | House |
| 17:36 | Construir | House |
| 17:47 | Crear | Villager (Male) |
| 17:47 | Crear | Villager (Male) |
| 17:48 | Crear | Villager (Male) |
| 17:53 | Crear | Villager (Male) |
| 17:54 | Crear | Villager (Male) |
| 17:58 | Crear | Villager (Male) |
| 18:03 | Construir | Farm |
| 18:06 | Construir | Farm |
| 18:10 | Construir | Farm |
| 18:25 | Crear | Villager (Male) |
| 18:25 | Crear | Villager (Male) |
| 18:29 | Construir | Farm |
| 18:33 | Construir | House |
| 18:41 | Construir | Farm |
| 18:42 | Construir | Farm |
| 18:44 | Construir | Farm |
| 18:46 | Crear | Villager (Male) |
| 18:46 | Crear | Villager (Male) |
| 18:47 | Crear | Villager (Male) |
| 18:48 | Crear | Villager (Male) |
| 18:58 | Crear | Villager (Male) |
| 18:58 | Crear | Villager (Male) |
| 19:08 | Construir | Castle |
| 19:13 | Crear | Villager (Male) |
| 19:15 | Investigar | Loom |
| 19:20 | Construir | Farm |
| 19:23 | Crear | Villager (Male) |
| 19:29 | Crear | Villager (Male) |
| 19:29 | Crear | Villager (Male) |
| 19:34 | Construir | Mill |
| 19:35 | Construir | Farm |
| 19:35 | Construir | Farm |
| 19:35 | Construir | Farm |
| 19:35 | Construir | Farm |
| 19:36 | Construir | Farm |
| 19:36 | Construir | Farm |
| 19:44 | Crear | Villager (Male) |
| 19:44 | Crear | Villager (Male) |
| 20:00 | Crear | Villager (Male) |
| 20:01 | Crear | Villager (Male) |
| 20:01 | Crear | Villager (Male) |
| 20:09 | Construir | Farm |
| 20:16 | Crear | Villager (Male) |
| 20:16 | Crear | Villager (Male) |
| 20:17 | Crear | Villager (Male) |
| 20:17 | Crear | Villager (Male) |
| 20:20 | Construir | Farm |
| 20:24 | Construir | Farm |
| 20:27 | Construir | Farm |
| 20:30 | Construir | Farm |
| 20:32 | Crear | Villager (Male) |
| 20:32 | Crear | Villager (Male) |
| 20:34 | Crear | Villager (Male) |
| 20:43 | Construir | House |
| 20:44 | Construir | House |
| 20:46 | Construir | House |
Cronología de la partida
| 10:34 | AnatolianTiger · first_building Barracks |
| 10:38 | Riky · age_up feudal |
| 10:40 | BEKO · first_building Barracks |
| 10:54 | AnatolianTiger · age_up feudal |
| 10:57 | allycankurt600 · age_up feudal |
| 11:07 | Rbofff · age_up feudal |
| 11:23 | HanniBaalTricks · age_up feudal |
| 12:21 | BEKO · age_up feudal |
| 12:42 | BEKO · first_building Archery Range |
| 13:08 | [D]AYWALKE[r] · age_up feudal |
| 14:52 | allycankurt600 · age_up castle |
| 15:11 | HanniBaalTricks · age_up castle |
| 15:15 | Rbofff · age_up castle |
| 15:18 | Rbofff · first_building Castle |
| 15:48 | Riky · first_building Barracks |
| 16:15 | Riky · age_up castle |
| 16:17 | Riky · first_building Monastery |
| 16:45 | BEKO · age_up castle |
| 17:28 | [D]AYWALKE[r] · age_up castle |
| 17:34 | AnatolianTiger · age_up castle |
| 17:40 | [D]AYWALKE[r] · first_building Monastery |
| 18:30 | AnatolianTiger · first_building Siege Workshop |
| 18:40 | Riky · first_building Stable |
| 19:08 | allycankurt600 · first_building Castle |
| 19:27 | AnatolianTiger · first_market_buy 100 wood |
| 20:37 | BEKO · first_building Castle |
| 21:11 | Rbofff · first_building Barracks |
| 22:15 | Soldier Ghostz · first_building Barracks |
| 22:28 | Rbofff · first_building Stable |
| 22:58 | Soldier Ghostz · first_building Stable |
| 23:38 | AnatolianTiger · first_building Archery Range |
| 24:30 | AnatolianTiger · first_building Castle |
| 24:47 | allycankurt600 · first_building Barracks |
| 25:32 | Soldier Ghostz · first_building Castle |
| 25:41 | AnatolianTiger · first_market_sell 100 food |
| 25:47 | allycankurt600 · first_building Archery Range |
| 25:53 | allycankurt600 · first_building Siege Workshop |
| 26:05 | [D]AYWALKE[r] · first_building Barracks |
| 26:43 | [D]AYWALKE[r] · first_building Castle |
| 27:54 | HanniBaalTricks · first_building Monastery |
| 28:50 | allycankurt600 · age_up imperial |
| 29:32 | Rbofff · first_market_sell 100 wood |
| 29:34 | HanniBaalTricks · first_building Barracks |
| 29:48 | [D]AYWALKE[r] · first_building Stable |
| 30:20 | HanniBaalTricks · first_building Archery Range |
| 30:23 | HanniBaalTricks · first_building Castle |
| 30:59 | BEKO · age_up imperial |
| 31:12 | allycankurt600 · first_building Stable |
| 31:25 | allycankurt600 · first_market_sell 500 food |
| 31:29 | HanniBaalTricks · age_up imperial |
| 31:33 | Soldier Ghostz · wall_segment Stone Wall x1 |
| 31:39 | Riky · first_building Castle |
| 31:45 | Soldier Ghostz · wall_segment Stone Wall x4 |
| 32:46 | Rbofff · age_up imperial |
| 33:09 | [D]AYWALKE[r] · age_up imperial |
| 33:18 | Riky · first_building Archery Range |
| 33:30 | AnatolianTiger · age_up imperial |
| 33:34 | Riky · age_up imperial |
| 34:58 | HanniBaalTricks · first_market_sell 500 food |
| 35:14 | allycankurt600 · first_market_buy 100 stone |
| 36:17 | HanniBaalTricks · first_building Stable |
| 37:21 | Riky · first_building Siege Workshop |
| 37:51 | Rbofff · first_building Archery Range |
| 37:56 | HanniBaalTricks · first_building Siege Workshop |
| 40:58 | Riky · first_market_buy 100 stone |
| 41:37 | Soldier Ghostz · first_market_sell 100 food |
| 50:19 | AnatolianTiger · wall_segment Stone Wall x6 |
| 50:20 | HanniBaalTricks · resign |
| 50:22 | AnatolianTiger · wall_segment Stone Wall x13 |
[ ANÁLISIS IA · 1 CRÉDITO ]
¿Qué pasó realmente en esta partida?
Wolo.gg analiza cada decisión: build order, eco, micro, errores típicos por bracket. Análisis personalizado por WhatsApp o Discord en 30 segundos.
Guía civ
Francos
Perfil
Jugador #3176038